 Dungeon Crawl Stone Soup version 0.32-a0-12-g7fc57aa741 (webtiles) character file.

Game seed: 3742095974496594509

1905 Colgate the Caller (level 9, -2/60 (65) HPs)
             Began as a Gnoll Summoner on Jan 14, 2024.
             Was an Initiate of Yredelemnul.
             Slain by a wight
             ... wielding a +3 dagger of freezing
              (3 damage)
             ... on level 6 of the Dungeon.
             The game lasted 00:31:53 (6646 turns).

Colgate the Caller (Gnoll Summoner)                 Turns: 6646, Time: 00:31:54

HP:   -2/60 (65)    AC:  4    Str: 14    XL:     9   Next: 16%
MP:   8/18          EV: 14    Int: 23    God:    Yredelemnul [......]
Gold: 285           SH:  0    Dex: 12    Spells: 12/21 levels left

rFire   . . .        m - +0 scythe (distort)
rCold   . . .        (shield currently unavailable)
rNeg    . . .        f - +0 robe
rPois   .            (no helmet)
rElec   .            (no cloak)
rCorr   .            g - +0 pair of gloves
SInv    .            o - +0 pair of boots
Will    .....        (no amulet)
Stlth   +++          u - ring of Plog {Str+6 Int+4}
HPRegen 0.30/turn    (no ring)
MPRegen 0.16/turn

%: no passive effects
@: unable to call your familiar, drained
A: fangs 1, strong nose, distributed training
a: Renounce Religion, Recall Undead Harvest


You were on level 6 of the Dungeon.
You worshipped Yredelemnul.
Yredelemnul was noncommittal.
You visited 2 branches of the dungeon, and saw 7 of its levels.

You collected 285 gold pieces.

Inventory:

Hand Weapons
 a - a +2 spear of venom
 m - a +0 scythe of distortion (weapon)
 t - a +0 great sword
Missiles
 h - 2 curare-tipped darts
 x - a throwing net {!f}
Armour
 f - a +0 robe (worn)
 g - a +0 pair of gloves (worn)
 i - an orb of energy
 o - a +0 pair of boots (worn)
 z - a scarf of harm
Jewellery
 u - the ring of Plog (left hand) {Str+6 Int+4}
   (You found it on level 5 of the Dungeon)

   [ring of strength]

   Str+6:     It affects your strength (+6).
   Int+4:     It affects your intelligence (+4).
Wands
 v - a wand of light (5) {@v1}
Scrolls
 e - 2 scrolls of fog
 j - a scroll of brand weapon {unknown}
 k - a scroll of summoning {unknown}
 l - a scroll of poison {unknown}
 p - 2 scrolls of vulnerability
 r - a scroll of noise
 s - a scroll of teleportation {unknown}
 y - a scroll of fear {unknown}
Potions
 b - 2 potions of magic
 c - 3 potions of curing {unknown}
 d - 2 potions of enlightenment {unknown}
 n - a potion of mutation {unknown}
 q - a potion of might {unknown}
 w - 2 potions of heal wounds {unknown}
 A - a potion of attraction {unknown}
 B - a potion of lignification {unknown}


   Skills:
 + Level 4.1 Fighting
 + Level 4.1 Short Blades
 + Level 4.1 Long Blades
 + Level 4.1 Axes
 + Level 4.1 Maces & Flails
 + Level 4.1 Polearms
 + Level 4.1 Staves
 + Level 4.1 Ranged Weapons
 + Level 4.1 Throwing
 + Level 4.1 Armour
 + Level 6.2 Dodging
 + Level 5.9 Stealth
 + Level 4.1 Shields
 + Level 4.1 Unarmed Combat
 + Level 6.5 Spellcasting
 + Level 3.4 Conjurations
 + Level 3.4 Hexes
 + Level 7.9 Summonings
 + Level 3.4 Necromancy
 + Level 3.4 Translocations
 + Level 3.4 Fire Magic
 + Level 3.4 Ice Magic
 + Level 3.4 Air Magic
 + Level 3.4 Earth Magic
 + Level 3.4 Alchemy
 + Level 4.5 Invocations
 + Level 4.1 Evocations
 + Level 3.7 Shapeshifting


You had 12 spell levels left.
You knew the following spells:

 Your Spells              Type           Power      Damage    Failure   Level
a - Summon Small Mammal   Summ           100%       N/A       1%          1
b - Call Imp              Summ           88%        N/A       1%          2
c - Call Canine Familiar  Summ           44%        N/A       1%          3
d - Volatile Blastmotes   Fire/Tloc      46%        2d13      6%          3

Your spell library contained the following spells:

 Spells                   Type           Power      Damage    Failure   Level
 Static Discharge         Conj/Air       46%        3-5/arc   3%          2
 Summon Blazeheart Golem  Fire/Summ      33%        N/A       8%          4
 Summon Lightning Spire   Summ/Air       33%        N/A       8%          4
 Airstrike                Air            11%        2d(2-18)  21%         4
 Fulminant Prism          Conj/Alch      11%        3d8       21%         4
 Iskenderun's Mystic Bla  Conj/Tloc      23%        2d6       21%         4


Dungeon Overview and Level Annotations

Branches:
Dungeon (6/15)             Temple (1/1) D:5

Altars:
Cheibriados
Dithmenos
Fedhas
Gozag
Makhleb
Nemelex Xobeh
Okawaru
Qazlal
Ru
Sif Muna
Trog
Uskayaw
Yredelemnul
Zin
The Shining One

Annotations:
D:1 jackal


Innate Abilities, Weirdness & Mutations

You have very sharp teeth.
Your uncanny sense of smell can sniff out nearby items.
Your experience applies equally to all skills.


Message History

The wight hits your quokka with a +3 dagger of freezing!
The wight freezes your quokka.
Your quokka dies!
Your quokka's corpse disappears in a puff of smoke!
Your cerulean imp barely misses the orc priest.
The wight barely misses your cerulean imp.
Your cerulean imp hits the orc priest but does no damage.
The orc priest hits your rat with a +0 hand axe!
Your rat dies!
Your rat's corpse disappears in a puff of smoke!
Your cerulean imp hits the orc priest from afar with a +0 spear.
The wight attacks as it pursues you!
The wight hits you with a +3 dagger of freezing!
The wight freezes you.
Your cerulean imp barely misses the orc priest.
The wight attacks as it pursues you!
The wight hits you with a +3 dagger of freezing.
You feel drained. The wight freezes you.
There is an open door here.
The wight attacks as it pursues you!
The wight hits you with a +3 dagger of freezing.
The wight freezes you.
Found 12 gold pieces.
The wight attacks as it pursues you!
The wight hits you with a +3 dagger of freezing!
You feel drained. The wight freezes you. The wight attacks as it pursues you!
The wight hits you with a +3 dagger of freezing!
* * * LOW HITPOINT WARNING * * *
The wight freezes you.
* * * LOW HITPOINT WARNING * * *
There is an open door here.
The wight attacks as it pursues you! The wight barely misses you.
The wight attacks as it pursues you!
The wight hits you with a +3 dagger of freezing!
* * * LOW HITPOINT WARNING * * *
You feel drained.
* * * LOW HITPOINT WARNING * * *
The wight freezes you.
You die...
Your body rises from the dead as a mindless zombie.

#.........# ......).#
#.........# #.Z.).#
#.........# #####'#
####+##.........# #.....#
........###############....)#
........#.........#..##...$.#
..<.....#.........#..##.....#
........#.........#..z......#
........#.....$.@z'..o......#
........###.##.####5.##.....#
###.......# # ####..##.....#
∆ #....(..# #.....'......#
#.......# #.....######.#
###.......# .. #####'# ###
.........## ..###....#
.........# .........#
.........# .........#


You could see 2 wights, an orc priest and a friendly cerulean imp (summoned).

Vanquished Creatures
  Sigmund (D:2)
  An orc warrior (D:6)
  An ice beast (D:5)
  A phantom (D:4)
  A gnoll sergeant (D:5)
  A scorpion (D:5)
  A wight (D:6)
  A water moccasin skeleton (D:4)
  A centaur zombie (D:4)
  2 jellies
  An orc priest (D:3)
  2 sleepcaps (D:6)
  An iguana (D:5)
  A hound skeleton (D:4)
  4 gnolls (D:5)
  3 adders
  A shadow imp (D:4)
  5 orcs
  A ball python (D:4)
  2 bats
  4 endoplasms
  A goblin (D:3)
  3 kobolds
40 creatures vanquished.

Vanquished Creatures (collateral kills)
  Grinder (D:3)
  A black bear (D:5)
  A phantom (D:4)
  A bullfrog (D:6)
  A scorpion (D:4)
  An iguana (D:5)
  3 orc wizards
  A sleepcap (D:5)
  Natasha (thrice) (D:2)
  2 hound zombies (D:4)
  A howler monkey zombie (D:4)
  4 gnolls (D:5)
  6 adders
  13 orcs
  4 endoplasms
  9 goblins
  5 hobgoblins
  12 jackals
  4 quokkas
  8 ball pythons
  2 bats
  A frilled lizard (D:3)
  4 kobolds
  4 rats
92 creatures vanquished.

Vanquished Creatures (others)
  An iguana zombie (D:5)
  A jelly zombie (D:6)
  6 gnoll zombies (D:5)
  4 orc zombies
12 creatures vanquished.

Grand Total: 144 creatures vanquished

Notes
Turn   | Place    | Note
-------+----------+-------------------------------------------
     0 | D:1      | Colgate the Gnoll Summoner began the quest for the Orb.
     0 | D:1      | Reached XP level 1. HP: 13/13 MP: 6/6
   168 | D:1      | Reached XP level 2. HP: 17/19 MP: 2/7
   174 | D:1      | Learned a level 2 spell: Call Imp
   843 | D:1      | Reached skill level 5 in Spellcasting
   843 | D:1      | Reached XP level 3. HP: 25/25 MP: 4/9
   847 | D:1      | Learned a level 3 spell: Call Canine Familiar
  1315 | D:1      | Reached skill level 1 in Invocations
  2225 | D:2      | Noticed Sigmund
  2235 | D:2      | Killed Sigmund
  2236 | D:2      | Reached skill level 1 in Fighting
  2236 | D:2      | Reached skill level 1 in Short Blades
  2236 | D:2      | Reached skill level 1 in Long Blades
  2236 | D:2      | Reached skill level 1 in Axes
  2236 | D:2      | Reached skill level 1 in Maces & Flails
  2236 | D:2      | Reached skill level 1 in Polearms
  2236 | D:2      | Reached skill level 1 in Staves
  2236 | D:2      | Reached skill level 1 in Ranged Weapons
  2236 | D:2      | Reached skill level 1 in Throwing
  2236 | D:2      | Reached skill level 1 in Armour
  2236 | D:2      | Reached skill level 1 in Shields
  2236 | D:2      | Reached skill level 1 in Unarmed Combat
  2236 | D:2      | Reached skill level 1 in Conjurations
  2236 | D:2      | Reached skill level 1 in Hexes
  2236 | D:2      | Reached skill level 1 in Necromancy
  2236 | D:2      | Reached skill level 1 in Translocations
  2236 | D:2      | Reached skill level 1 in Fire Magic
  2236 | D:2      | Reached skill level 1 in Ice Magic
  2236 | D:2      | Reached skill level 1 in Air Magic
  2236 | D:2      | Reached skill level 1 in Earth Magic
  2236 | D:2      | Reached skill level 1 in Alchemy
  2236 | D:2      | Reached skill level 1 in Evocations
  2236 | D:2      | Reached skill level 1 in Shapeshifting
  2236 | D:2      | Reached XP level 4. HP: 33/33 MP: 7/11
  2236 | D:2      | Reached XP level 5. HP: 38/38 MP: 7/12
  2359 | D:2      | Noticed Natasha
  2362 | D:2      | Killed Natasha
  2363 | D:2      | Reached XP level 6. HP: 44/44 MP: 13/13
  2511 | D:2      | Noticed Natasha
  2521 | D:2      | Killed Natasha
  2522 | D:2      | Reached skill level 5 in Dodging
  2533 | D:2      | Noticed Natasha
  2542 | D:2      | Killed Natasha
  2779 | D:3      | Noticed Grinder
  2782 | D:3      | Paralysed by Grinder for 5 turns
  2793 | D:3      | Killed Grinder
  2794 | D:3      | Reached XP level 7. HP: 42/51 MP: 6/15
  2972 | D:3      | Found a stormy altar of Qazlal.
  2975 | D:3      | Noticed a water elemental
  2976 | D:3      | Noticed a fire elemental
  2976 | D:3      | Noticed an air elemental
  3004 | D:3      | Found a faded altar of an unknown god.
  4103 | D:4      | Reached skill level 5 in Stealth
  4414 | D:4      | Found a bloodstained altar of Trog.
  4418 | D:4      | Reached XP level 8. HP: 58/58 MP: 12/16
  5400 | D:5      | Entered Level 5 of the Dungeon
  5407 | D:5      | Identified the ring of Plog {Str+6 Int+4}
  5558 | D:5      | Found a basalt altar of Yredelemnul.
  5566 | D:5      | Became a worshipper of Yredelemnul the Dark
  5588 | D:5      | Reached * piety under Yredelemnul
  5624 | D:5      | Reached ** piety under Yredelemnul
  5932 | D:5      | Found a staircase to the Ecumenical Temple.
  6156 | Temple   | Entered the Ecumenical Temple
  6317 | D:6      | Learned a level 3 spell: Volatile Blastmotes
  6342 | D:6      | Reached XP level 9. HP: 43/65 MP: 1/18
  6646 | D:6      | HP: 1/60 [wight/+3 dagger of freezing (4)]
  6646 | D:6      | Slain by a wight

Illustrated notes

Levels and vault maps discovered:
D:1:      scummos_arrival_forest, layout_basic, minmay_misc_feat_room,
          chequers_serial_rivers_room_a
D:2:      layout_rooms, minmay_pentomino_z2, uniq_natasha, uniq_sigmund
D:3:      layout_basic, nicolae_qazlal_style_of_elements,
          nicolae_ecumenical_snake_handling, uniq_grinder
D:4:      layout_basic, old_standard_altar, serial_undead, serial_undead_e,
          serial_undead_f, serial_undead_c, serial_undead_f, serial_undead_a,
          serial_undead_b, serial_undead_d, minmay_distorted
D:5:      layout_rooms, mainiacjoe_overflow_paths, minmay_temple_entry_slanted
D:6:      layout_gridville, uniq_edmund
Temple:   nicolae_temple_hex_pool

Skill      XL: |  1  2  3  4  5  6  7  8  9 |
---------------+----------------------------+-----
Spellcasting   | 5 6 |  6.5
Invocations    | 1 2 3 4 |  4.5
Fighting       | 1 2 3 4 |  4.1
Short Blades   | 1 2 3 4 |  4.1
Long Blades    | 1 2 3 4 |  4.1
Axes           | 1 2 3 4 |  4.1
Maces & Flails | 1 2 3 4 |  4.1
Polearms       | 1 2 3 4 |  4.1
Staves         | 1 2 3 4 |  4.1
Ranged Weapons | 1 2 3 4 |  4.1
Throwing       | 1 2 3 4 |  4.1
Armour         | 1 2 3 4 |  4.1
Shields        | 1 2 3 4 |  4.1
Unarmed Combat | 1 2 3 4 |  4.1
Conjurations   | 1 2 3 |  3.4
Hexes          | 1 2 3 |  3.4
Necromancy     | 1 2 3 |  3.4
Translocations | 1 2 3 |  3.4
Fire Magic     | 1 2 3 |  3.4
Ice Magic      | 1 2 3 |  3.4
Air Magic      | 1 2 3 |  3.4
Earth Magic    | 1 2 3 |  3.4
Alchemy        | 1 2 3 |  3.4
Evocations     | 1 2 3 4 |  4.1
Shapeshifting  | 1 2 3 |  3.7
Dodging        | 5 6 |  6.2
Stealth        | 5 |  5.9
Summonings     | |  7.9

Action                     |  1- 3 |  4- 6 |  7- 9 || total
---------------------------+-------+-------+-------++-------
  Melee: Unarmed           |     4 |       |       ||     4
         Spear             |     8 |     6 |       ||    14
         Halberd           |       |     3 |    97 ||   100
         Bite              |       |       |     1 ||     1
   Cast: Summon Small Mamm |    41 |     8 |    68 ||   117
         Call Imp          |     8 |     5 |    36 ||    49
         Call Canine Famil |     8 |     5 |    33 ||    46
         Volatile Blastmot |       |       |     4 ||     4
 Invoke: Recall Undead Har |       |       |     1 ||     1
    Use: Scroll            |       |       |     3 ||     3
   Stab: Sleeping          |       |     1 |     3 ||     4
         Distracted        |       |       |     4 ||     4
 Armour: Robe              |    57 |     5 |    29 ||    91
  Dodge: Dodged            |   118 |     5 |    26 ||   149

Table legend: (Time is in decaauts)
 A = Elapsed time spent in this place.
 B = Non-inter-level travel time spent in this place.
 C = Inter-level travel time spent in this place.
 D = Time resting spent in this place.
 E = Time spent auto-exploring this place.
 F = Levels seen in this place.
 G = Mean time per level.
                   A        B        C        D        E       F      G
               +--------+--------+--------+--------+--------+-----+--------+
         Total |   6703 |   6331 |    372 |    245 |   4338 |   7 |  957.6 |
       Dungeon |   6701 |   6331 |    370 |    245 |   4338 |   6 | 1116.8 |
        Temple |      1 |      0 |      1 |      0 |      0 |   1 |    1.0 |
               +--------+--------+--------+--------+--------+-----+--------+

Top non-repeatable levels by time:
     D:1: 2047 daAuts
     D:4: 1350 daAuts
     D:3: 1306 daAuts
     D:5: 867 daAuts
     D:2: 735 daAuts
     D:6: 394 daAuts
  Temple: 1 daAuts
